 Dungeon Crawl Stone Soup version 0.28.0 (webtiles) character file.

Game seed: 15333322623004555434

3815 RighteousDevil the Severer (level 9, -2/73 HPs)
             Began as a Deep Dwarf Gladiator on Feb 14, 2022.
             Killed from afar by an electric eel (7 damage)
             ... with a bolt of electricity
             ... on level 7 of the Dungeon.
             The game lasted 00:11:46 (5987 turns).

RighteousDevil the Severer (Deep Dwarf Gladiator)   Turns: 5987, Time: 00:11:46

Health: -2/73      AC: 10    Str: 18 (19) XL:     9   Next: 97%
Magic:  5/5        EV: 12    Int:  7 (10) God:
Gold:   199        SH:  7    Dex: 15 (16) Spells: 8/8 levels left

rFire   . . .      SeeInvis .   a - +0 war axe (vorpal)
rCold   . . .      Faith    .   h - +0 kite shield
rNeg    . . .      Spirit   .   g - +2 scale mail {rPois}
rPois   +          Reflect  .   (no helmet)
rElec   .          Harm     .   (no cloak)
rCorr   +          Rampage  .   m - +0 pair of gloves
Will    +....                   j - +0 pair of boots
Stlth   ..........              (no amulet)
HPRegen 0.00/turn               v - ring of resist corrosion
MPRegen 0.09/turn               e - +4 ring of evasion

@: very slow
A: damage resistance, heal wounds, sense surroundings 2, no regeneration,
mutation resistance 1
a: Heal Wounds


You were on level 7 of the Dungeon.
You visited 2 branches of the dungeon, and saw 8 of its levels.
You also visited: Sewer.

You collected 253 gold pieces.
You spent 54 gold pieces at shops.

Inventory:

Hand Weapons
 a - a +0 vorpal war axe (weapon)
Missiles
 d - a throwing net (quivered)
Armour
 c - a +0 helmet
 g - a +2 scale mail of poison resistance (worn)
 h - a +0 kite shield (worn)
 j - a +0 pair of boots (worn)
 m - a +0 pair of gloves (worn)
Jewellery
 e - a +4 ring of evasion (right hand)
 v - a ring of resist corrosion (left hand)
Scrolls
 n - a scroll of immolation
 s - 2 scrolls of teleportation
 t - a scroll of magic mapping
Potions
 b - a potion of mutation
 r - a potion of magic


   Skills:
 - Level 1.7 Fighting
 + Level 15.6 Axes
 - Level 1.7 Throwing
 - Level 3.2 Dodging


You had 8 spell levels left.
You didn't know any spells.
Your spell library contained the following spells:

 Spells                   Type           Power      Damage    Failure   Level
 Frozen Ramparts          Ice            0%         1d2       100%        3
 Ice Form                 Ice/Tmut       0%         N/A       100%        4
 Summon Ice Beast         Ice/Summ       0%         N/A       100%        4


Dungeon Overview and Level Annotations

Branches:
Dungeon (7/15)             Temple (1/1) D:6           Sewer (visited)

Altars:
Ashenzari
Cheibriados
Dithmenos
Elyvilon
Fedhas
Gozag
Kikubaaqudgha
Makhleb
Nemelex Xobeh
Okawaru
Qazlal
Ru
Sif Muna
Trog
Uskayaw
Vehumet
Xom
Yredelemnul
The Shining One

Shops:
D:2 *   D:3 [   D:7 (


Innate Abilities, Weirdness & Mutations

You are resistant to damage.
You can heal yourself by infusing magical energy.
You passively map the area around you.
You do not regenerate.
You are somewhat resistant to further mutation.


Message History

The electric eel shoots out a bolt of lightning at you!
The bolt of electricity hits the plant!
The plant begins to die.
The bolt of electricity misses you.
The electric eel struggles against the net. x2
Unknown command.
The electric eel shoots out a bolt of lightning at you!
The bolt of electricity hits you!
* * * LOW HITPOINT WARNING * * *
The electric eel struggles against the net.
The net rips apart, and the electric eel comes free!
Your hound bites the plant.
Your hound bites the plant.
The electric eel struggles against the net.
Found 22 arrows.
Your hound bites the plant.
The electric eel shoots out a bolt of lightning at you!
The bolt of electricity hits you!
* * * LOW HITPOINT WARNING * * *
The electric eel struggles against the net.
The electric eel shoots out a bolt of lightning at you!
The bolt of electricity hits you.
* * * LOW HITPOINT WARNING * * *
Your hound splashes around in the water.
Okay, then.
Okay, then.
You aren't carrying any items that you can evoke.
Okay, then.
You enter the shallow water.
Moving in this stuff is going to be slow.
A nearby plant withers and dies.
The electric eel shoots out a bolt of lightning at you!
The bolt of electricity hits you.
* * * LOW HITPOINT WARNING * * *
The electric eel shoots out a bolt of lightning at you!
The bolt of electricity misses you.
The electric eel struggles against the net.
The net rips apart, and the electric eel comes free!
Your unstable footing causes you to fumble your attack.
The electric eel shoots out a bolt of lightning at you!
The bolt of electricity hits you!
You die...

* * * #.* #...... ,* *..
#.# #...... , ##
*#(######.#####...... ,
,..###......(........####
, ,
≈.......S..≈.≈.####### ≈
P.P≈≈P.P..≈≈≈≈≈≈≈≈≈≈≈# ≈
≈ ≈≈≈≈≈≈≈≈≈≈≈≈≈≈≈≈≈≈≈≈≈ ≈
≈≈≈≈≈≈S≈≈≈≈h≈≈≈≈≈≈###** ≈
≈≈ ≈ ≈≈≈.≈≈≈@≈≈.≈.≈≈≈####
≈ ≈ ≈≈≈..≈≈...≈.≈......#
≈ ≈ ≈
...................#####
,,,
........................
...##################.##
,## * ###.#. #...#. ,
#.#.#. #.###.


You could see 2 electric eels and a friendly hound (summoned).

Vanquished Creatures
  Harold (D:7)
  A two-headed ogre (D:7)
  Pikel (D:4)
  Sigmund (D:2)
  A water moccasin (D:7)
  3 ogres
  A lemure (D:4)
  2 phantoms
  8 kobold brigands
  A bullfrog (D:6)
  A wyvern skeleton (D:7)
  3 hounds
  An orc priest (D:6)
  A centaur skeleton (D:7)
  3 orc wizards
  A scorpion zombie (D:5)
  Natasha (twice) (D:2)
  2 iguanas
  Terence (D:2)
  A hound zombie (D:5)
  A hound skeleton (D:4)
  Robin (D:4)
  16 adders
  11 gnolls
  2 howler monkey skeletons
  2 river rats (Sewer)
  A shadow imp (D:5)
  An ufetubus (D:7)
  An adder skeleton (D:4)
  4 worms
  2 dart slugs
  10 orcs
  3 bats
  5 endoplasms
  2 giant cockroaches
  9 goblins
  7 hobgoblins
  3 jackals (D:2)
  10 kobolds
  5 quokkas
  10 ball pythons
  3 frilled lizards
  6 rats
151 creatures vanquished.

Vanquished Creatures (collateral kills)
  An electric eel (D:7)
  An adder (D:4)
  An endoplasm (D:2)
  A rat (D:2)
4 creatures vanquished.

Vanquished Creatures (others)
  A goblin (D:4)
  5 plants
6 creatures vanquished.

Grand Total: 161 creatures vanquished

Notes
Turn   | Place    | Note
-------+----------+-------------------------------------------
     0 | D:1      | RighteousDevil the Deep Dwarf Gladiator began the quest for
                  | the Orb.
     0 | D:1      | Reached XP level 1. HP: 19/19 MP: 1/1
   122 | D:1      | Reached skill level 4 in Axes
   122 | D:1      | Reached XP level 2. HP: 21/26 MP: 2/2
   613 | D:2      | Found Fikuj's General Store.
   654 | D:2      | Reached XP level 3. HP: 26/32 MP: 3/3
   687 | D:2      | Reached skill level 5 in Axes
   805 | D:2      | Found a shadowy altar of Dithmenos.
   805 | D:2      | Noticed Natasha
   810 | D:2      | Killed Natasha
   811 | D:2      | Reached XP level 4. HP: 21/39 MP: 4/4
   827 | D:2      | Noticed Terence
   839 | D:2      | Killed Terence
   846 | D:2      | Noticed Natasha
   858 | D:2      | Killed Natasha
   859 | D:2      | Reached skill level 6 in Axes
  1191 | D:2      | Noticed Sigmund
  1208 | D:2      | Killed Sigmund
  1209 | D:2      | Reached skill level 7 in Axes
  1209 | D:2      | Reached XP level 5. HP: 15/45 MP: 5/5
  1209 | D:2      | Reached XP level 6. HP: 18/52 MP: 6/6
  1752 | D:3      | Found Zouloic's Armour Shoppe.
  1758 | D:3      | Bought a +0 pair of gloves for 54 gold pieces
  2145 | D:3      | Found a faded altar of an unknown god.
  2343 | D:4      | Reached skill level 8 in Axes
  2361 | D:4      | Noticed Robin
  2371 | D:4      | Killed Robin
  2403 | D:4      | Noticed Pikel
  2416 | D:4      | Gained mutation: You have a pair of small horns on your
                  | head. [potion of mutation]
  2416 | D:4      | Gained mutation: You are somewhat resistant to further
                  | mutation. [potion of mutation]
  2418 | D:4      | HP: 1/52 [Pikel (2)]
  2428 | D:4      | Killed Pikel
  2429 | D:4      | Reached skill level 10 in Axes
  2429 | D:4      | Reached XP level 7. HP: 39/58 MP: 6/6
  2484 | D:4      | Identified the +0 ring mail "Ydycun" {rN+}
  2562 | D:4      | Found a glowing drain.
  2594 | Sewer    | Entered a sewer
  2697 | Sewer    | Reached XP level 8. HP: 59/66 MP: 7/7
  2767 | Sewer    | Reached skill level 11 in Axes
  3088 | Sewer    | Reached skill level 12 in Axes
  3620 | D:5      | Entered Level 5 of the Dungeon
  3882 | D:5      | Found an opulent altar of Gozag.
  3884 | D:5      | Found an ancient bone altar of Kikubaaqudgha.
  3884 | D:5      | Found a sacrificial altar of Ru.
  4076 | D:5      | Reached skill level 13 in Axes
  4107 | D:5      | Found a snail-covered altar of Cheibriados.
  4237 | D:6      | Found a staircase to the Ecumenical Temple.
  4247 | Temple   | Entered the Ecumenical Temple
  4481 | D:6      | Gained mutation: You passively map the area around you.
                  | [Deep Dwarf growth]
  4481 | D:6      | Reached XP level 9. HP: 62/73 MP: 7/7
  4805 | D:6      | Found a white marble altar of Elyvilon.
  4863 | D:6      | Found a stormy altar of Qazlal.
  4863 | D:6      | Found a bloodstained altar of Trog.
  5187 | D:6      | Found a hide-covered altar of Uskayaw.
  5401 | D:7      | Found a glowing golden altar of the Shining One.
  5403 | D:7      | Noticed Harold
  5476 | D:7      | Killed Harold
  5477 | D:7      | Reached skill level 14 in Axes
  5588 | D:7      | Found Qusang's Antique Weapon Emporium.
  5589 | D:7      | Noticed a two-headed ogre
  5603 | D:7      | Killed a two-headed ogre
  5604 | D:7      | Reached skill level 15 in Axes
  5683 | D:7      | Lost mutation: You have a pair of small horns on your head.
                  | [potion of mutation]
  5683 | D:7      | Lost mutation: You are somewhat resistant to further
                  | mutation. [potion of mutation]
  5683 | D:7      | Gained mutation: You passively map a large area around you.
                  | [potion of mutation]
  5683 | D:7      | Gained mutation: Your magical capacity is low. (-10% MP)
                  | [potion of mutation]
  5684 | D:7      | Lost mutation: Your magical capacity is low. (-10% MP)
                  | [potion of mutation]
  5684 | D:7      | Lost mutation: You passively map a large area around you.
                  | [potion of mutation]
  5684 | D:7      | Gained mutation: You are somewhat resistant to further
                  | mutation. [potion of mutation]
  5987 | D:7      | Killed from afar by an electric eel

Illustrated notes

Levels and vault maps discovered:
D:1:      nzn_arrival_depleted_hourglass, layout_loops_ring,
          serial_park_tiny_pond
D:2:      layout_loops_ring, serial_shops, shop_statue, basic_altar,
          uniq_sigmund, uniq_terence, uniq_natasha
D:3:      layout_loops_ring, serial_shops,
          nicolae_shop_temple_entry_statues_fountains,
          shapermc_ecumenical_altar_acropolis, serial_forest,
          infiniplex_forest_corner_1, infiniplex_forest_straight_3,
          infiniplex_forest_end_2, infiniplex_forest_lined_3,
          infiniplex_forest_side_room, infiniplex_forest_clump_long,
          infiniplex_forest_lined_4_way, infiniplex_forest_lined_3,
          infiniplex_forest_diagonal, hangedman_decor_growths,
          chequers_serial_rivers_marsh, roderic_roman_lattice
D:4:      layout_cave_pools, cheibrodos_sewer_entry_bend, uniq_pikel, uniq_robin
D:5:      layout_basic, mainiacjoe_overflow_alcove_4, grunt_temple_overflow_open
D:6:      layout_basic, nicolae_uskayaw_dance_studio, elyvilon_altar_4,
          chequers_temple_overflow_statue_of_worship,
          minmay_temple_entry_junction, chequers_serial_rivers_room_b
D:7:      layout_basic, nicolae_wu_jian_glorious_leap,
          mainiacjoe_overflow_small_starburst, serial_shops, shop,
          chequers_big_river, uniq_harold
Temple:   jpeg_temple_alley_garden

Skill      XL: |  1  2  3  4  5  6  7  8  9 |
---------------+----------------------------+-----
Axes           | 4 5 7 10 13 15 | 15.6
Fighting       | |  1.7
Throwing       | |  1.7
Dodging        | |  3.2

Action                   |  1- 3 |  4- 6 |  7- 9 || total
-------------------------+-------+-------+-------++-------
Melee: War axe           |    60 |   141 |   370 ||   571
       Headbutt          |       |     2 |    61 ||    63
Throw: Throwing net      |       |       |     4 ||     4
 Abil: Heal Wounds       |       |     9 |    14 ||    23
  Use: Scroll            |       |     5 |     9 ||    14
       Potion            |       |     1 |     9 ||    10
 Stab: Sleeping          |     1 |       |       ||     1
       Distracted        |       |       |     1 ||     1
       Held in net/web   |       |       |     1 ||     1
Armor: Leather armour    |    10 |     1 |       ||    11
       Scale mail        |       |    62 |     6 ||    68
       Ring mail         |       |       |    86 ||    86
Dodge: Dodged            |    46 |    67 |   128 ||   241
Block: Kite shield       |     8 |    80 |   104 ||   192
